 Dungeon Crawl Stone Soup version 0.31.0-1-g2c135a008e (webtiles) character file.

Game seed: 16789979717034808981

91 qw the Shooter (level 4, 0/35 HPs)
             Began as a Djinni Hunter on Jan 23, 2024.
             Slain by a black bear (11 damage)
             ... on level 3 of the Dungeon.
             The game lasted 00:00:07 (1567 turns).

qw the Shooter (Djinni Hunter)                      Turns: 1567, Time: 00:00:07

Health: 0/35       AC:  6    Str:  9 (10) XL:     4   Next: 87%
Gold:   62         EV: 12    Int:  9 (11) God:
                   SH:  0    Dex: 16 (18)

rFire   + + .        a - +0 shortbow (freeze)
rCold   x . .        (shield currently unavailable)
rNeg    . . .        c - +0 leather armour
rPois   inf          (no helmet)
rElec   .            (no cloak)
rCorr   .            j - +2 pair of gloves
SInv    .            (boots unavailable)
Will    .....        (no amulet)
Stlth   +            (no ring)
HPRegen 0.25/turn    (no ring)
MPRegen 0.00/turn

%: infuse magic (-1 HP)
@: flying
A: sickness immunity, fire resistance 2, cold vulnerability 1, float, innate
caster, HP casting, extra vitality 1
a: no special abilities


You were on level 3 of the Dungeon.
You visited 1 branch of the dungeon, and saw 3 of its levels.

You collected 62 gold pieces.


Innate Abilities, Weirdness & Mutations

You are immune to sickness and miasma.
You are immune to poison.
Your flesh is very heat resistant. (rF++)
You are vulnerable to cold. (rC-)
You float through the air rather than walking.
You learn spells naturally, not from books.
Your magical power is your life essence.
You have superior vitality. (+4 MHP)


   Skills:
 - Level 3.0 Fighting
 + Level 4.1 Ranged Weapons
 - Level 3.0 Dodging
 - Level 0.7 Stealth


You knew the following spells:

 Your Spells              Type           Power      Damage    Failure   Level
a - Sandblast             Erth           0%         2d4       50%         1
Your spell library was empty.

Inventory:

Hand Weapons
 a - a +0 shortbow of freezing (weapon)
Armour
 c - a +0 leather armour (worn)
 j - a +2 pair of gloves (worn)
Potions
 d - a potion of cancellation {unknown}
 f - a potion of mutation {unknown}
 g - a potion of enlightenment
 i - 2 potions of curing
 k - a potion of haste {unknown}

Dungeon Overview and Level Annotations

Branches:
Dungeon (3/15)

Altars:

Shops:
D:1 *


Message History

The arrow freezes the black bear.
The black bear is heavily wounded.
The rat misses you. The black bear barely misses you. x2
The black bear completely misses you.
You shoot an arrow. The arrow barely misses the black bear.
The black bear bites you. The black bear closely misses you.
The black bear claws you. The rat barely misses you.
You shoot an arrow.
The arrow closely misses the black bear.
The black bear closely misses you.
The black bear claws you but does no damage.
The black bear claws you. The rat bites you but does no damage.
You shoot an arrow. The arrow hits the black bear!
The arrow freezes the black bear.
The black bear is almost dead.
The black bear goes berserk!
The rat bites you. The rat closely misses you. The black bear bites you.
The black bear claws you.
The black bear claws you but does no damage.
Enter note:
Enter note:
1564 ||| RETREEEEATING.
The black bear attacks as it pursues you!
The black bear bites you. The black bear claws you.
The black bear barely misses you.
Enter note:
1565 ||| RETREEEEATING.
The black bear attacks as it pursues you!
The black bear bites you. The black bear barely misses you.
The black bear claws you but does no damage.
The rat attacks as it pursues you! The rat closely misses you.
The black bear misses you. The black bear barely misses you.
The black bear claws you.
You see here a scroll of vulnerability.
Enter note:
1566 ||| RETREEEEATING.
Enter note:
1567 ||| RETREEEEATING.
The rat attacks as it pursues you! The rat closely misses you.
The black bear bites you!
You die...

........# #.# #.#
.........# #.#.###.#
..........# #.#.....#
...........# #.#..####
...........# #.#..#
...........# #...##
...........# #...#####.#
...........###..........
.........?h@............
......%...r.##..........
..%....$..>.............
............##..........
............##..........
............##..........
............##...)......
............##.........
............#


You could see a black bear (berserk) and a rat.

Vanquished Creatures
  4 adders
  2 ribbon worms (D:2)
  A dart slug (D:2)
  4 endoplasms
  2 giant cockroaches
  5 goblins
  3 hobgoblins
  4 quokkas
  3 ball pythons
  5 bats
  3 frilled lizards
  7 kobolds
  3 rats
46 creatures vanquished.

Notes
Turn   | Place    | Note
-------+----------+-------------------------------------------
     0 | D:1      | qw the Djinni Hunter began the quest for the Orb.
     0 | D:1      | Reached XP level 1. HP: 18/18 MP: 0/0
     0 | D:1      | 0 ||| qw: Version: 0.3-a-136-gdd3b4e8
     0 | D:1      | 0 ||| qw: Game counter: 972
     0 | D:1      | 0 ||| qw: Melee chars always use a shield: true
     0 | D:1      | 0 ||| qw: God list: Okawaru
     0 | D:1      | 0 ||| qw: Allow faded altars: false
     0 | D:1      | 0 ||| qw: Do Orc after clearing Dungeon:15 true
     0 | D:1      | 0 ||| qw: Do second Lair branch before Depths: true
     0 | D:1      | 0 ||| qw: Lair rune preference: random
     0 | D:1      | 0 ||| qw: Goals: Normal
     0 | D:1      | 0 ||| PLANNING D:1-11
   104 | D:1      | Reached XP level 2. HP: 23/23 MP: 0/0
   483 | D:1      | Found Cyrchal's General Store.
   486 | D:1      | 486 ||| SHOPLISTING +0 ring mail (52 gold, have 29).
   631 | D:1      | 631 ||| UPGRADING to +2 pair of gloves.
   636 | D:1      | 636 ||| READING scroll labelled ZAMANO VUVIUL.
   637 | D:1      | 637 ||| READING scroll labelled ARPHEMU SOCAIW.
   738 | D:1      | 738 ||| READING 3 scrolls labelled CEAPLI EPPURRO.
   839 | D:1      | 839 ||| READING scroll labelled KUDGHE CILLAQY.
   839 | D:1      | 839 ||| IDENTIFYING viscous white potion
   840 | D:1      | 840 ||| DROPPING scroll of butterflies.
   841 | D:1      | 841 ||| DROPPING 2 scrolls of vulnerability.
   894 | D:2      | 894 ||| STAIRDANCE
   924 | D:2      | Reached skill level 4 in Ranged Weapons
   924 | D:2      | Reached XP level 3. HP: 21/28 MP: 0/0
   924 | D:2      | Learned a level 1 spell: Sandblast
  1063 | D:2      | Reached XP level 4. HP: 30/34 MP: 0/0
  1101 | D:2      | Reached skill level 3 in Fighting
  1307 | D:2      | Reached skill level 3 in Dodging
  1483 | D:2      | 1483 ||| READING scroll labelled WOEKUDA EGUHI.
  1484 | D:2      | 1484 ||| READING scroll labelled UNTEBY FUHUIV.
  1484 | D:2      | 1484 ||| BRANDING +0 shortbow.
  1485 | D:2      | 1485 ||| READING scroll labelled XUONA QICROZEN.
  1489 | D:2      | 1489 ||| DRINKING 3 clear potions.
  1490 | D:2      | 1490 ||| DRINKING 2 smoky puce potions.
  1491 | D:2      | 1491 ||| DROPPING potion of degeneration.
  1554 | D:3      | Noticed a black bear
  1564 | D:3      | 1564 ||| RETREEEEATING.
  1565 | D:3      | 1565 ||| RETREEEEATING.
  1566 | D:3      | 1566 ||| RETREEEEATING.
  1567 | D:3      | 1567 ||| RETREEEEATING.
  1567 | D:3      | Slain by a black bear

Levels and vault maps discovered:
D:1:      dpeg_arrival_chambers_temple_mockup, layout_rooms, serial_shops,
          nicolae_shop_real_fake_doors
D:2:      layout_rooms, minmay_tetromino_o2
D:3:      layout_basic

Skill      XL: |  1  2  3  4 |
---------------+-------------+-----
Ranged Weapons | 4 |  4.1
Fighting       | 3 |  3.0
Dodging        | 3 |  3.0
Stealth        | |  0.7

Action                     |  1- 3 |  4- 6 || total
---------------------------+-------+-------++-------
   Fire: Shortbow          |    70 |    78 ||   148
    Use: Scroll            |     4 |     3 ||     7
         Potion            |       |     2 ||     2
 Armour: Leather armour    |    10 |    36 ||    46
  Dodge: Dodged            |    10 |    43 ||    53

Table legend:
 A = Non-vault XP
 B = Vault XP
 C = Vault XP percentage of total XP
 D = Non-vault monster count
 E = Vault monster count
 F = Vault count percentage of total count
                 A         B        C        D         E       F
            +---------+---------+-------+---------+---------+-------
      Total |     126 |       4 |   3.1 |      45 |       1 |   2.2
            +---------+---------+-------+---------+---------+-------
        D:1 |      24 |       0 |   0.0 |      14 |       0 |   0.0
        D:2 |      83 |       4 |   4.6 |      26 |       1 |   3.7
        D:3 |      19 |       0 |   0.0 |       5 |       0 |   0.0
            +---------+---------+-------+---------+---------+-------
